 Dungeon Crawl Stone Soup version 0.28.0-53-g5a82cb258f (webtiles) character file.

Game seed: 15388458061647291048

11155 Kaptain the Geomancer (level 11, -10/71 HPs)
             Began as a Gargoyle Earth Elementalist on July 15, 2022.
             Shot with a bolt by a yaktaur (17 damage)
             ... on level 10 of the Dungeon.
             The game lasted 00:23:08 (13933 turns).

Kaptain the Geomancer (GrEE)                       Turns: 13933, Time: 00:23:08

Health: -10/71     AC: 13    Str: 13    XL:     11   Next: 73%
Magic:  4/23       EV: 11    Int: 19    God:
Gold:   1206       SH:  0    Dex: 10    Spells: 22/26 levels left

rFire   . . .      SeeInvis .   v - staff of earth
rCold   . . .      Faith    .   (no shield)
rNeg    + . .      Spirit   .   r - +0 troll leather armour
rPois   ∞          Reflect  .   (no helmet)
rElec   +          Harm     .   (no cloak)
rCorr   +          Rampage  .   (no gloves)
Will    .....                   (no boots)
Stlth   ++........              (no amulet)
HPRegen 1.01/turn               l - ring of resist corrosion
MPRegen 0.18/turn               i - ring of flight

@: flying
A: sickness immunity, AC +8, negative energy resistance 1, electricity
resistance, torment resistance 1, petrification resistance
a: no special abilities


You were on level 10 of the Dungeon.
You visited 1 branch of the dungeon, and saw 10 of its levels.
You also visited: Bailey.

You collected 1206 gold pieces.

Inventory:

Hand Weapons
 m - a +4 scimitar
 p - a +3 flail of protection
 C - a +1 rapier of venom
 L - a +2 trident of flaming
Missiles
 w - 241 stones
 H - 3 throwing nets
Armour
 q - a +1 scale mail of willpower
 r - a +0 troll leather armour (worn)
 K - a +0 tower shield
Magical Staves
 v - a staff of earth (weapon)
 I - a staff of conjuration
Jewellery
 i - a ring of flight (right hand)
 l - a ring of resist corrosion (left hand)
Wands
 y - a wand of iceblast (13)
 F - a wand of acid (10)
 J - a wand of polymorph (10)
Scrolls
 b - a scroll of fear
 c - a scroll of identify
 d - a scroll of brand weapon {unknown}
 e - 3 scrolls of immolation
 g - 4 scrolls of teleportation
 h - 2 scrolls of amnesia {unknown}
 k - a scroll of holy word {unknown}
 n - 2 scrolls of enchant armour {unknown}
 s - a scroll of blinking {unknown}
 u - a scroll of summoning {unknown}
 A - a scroll of enchant weapon
Potions
 a - a potion of brilliance
 f - 5 potions of heal wounds
 o - 3 potions of curing
 t - 2 potions of mutation
 x - a potion of magic {unknown}
 z - 3 potions of cancellation
 B - a potion of berserk rage {unknown}
 D - a potion of lignification {unknown}
 E - a potion of ambrosia {unknown}


   Skills:
 * Level 9.3 Fighting
 + Level 6.4 Armour
 - Level 1.5 Dodging
 - Level 4.0 Stealth
 * Level 8.1 Spellcasting
 * Level 9.3 Conjurations
 - Level 0.7 Transmutations
 * Level 10.8 Earth Magic


You had 22 spell levels left.
You knew the following spells:

 Your Spells              Type           Power      Damage    Failure   Level
a - Sandblast             Erth           100%       2d20      1%          1
b - Stone Arrow           Conj/Erth      100%       3d13      1%          3

Your spell library contained the following spells:

 Spells                   Type           Power      Damage    Failure   Level
 Passwall                 Tmut/Erth      36%        N/A       1%          2
 Petrify                  Tmut/Erth      44%        N/A       11%         4
 Corpse Rot               Necr/Air       14%        N/A       17%         2
 Frozen Ramparts          Ice            14%        1d3       32%         3
 Tukima's Dance           Hex            7%         N/A       32%         3
 Irradiate                Conj/Tmut      13%        3d18      36%         5
 Ice Form                 Ice/Tmut       9%         N/A       67%         4
 Anguish                  Hex/Necr       3%         N/A       73%         4
 Dispel Undead            Necr           7%         3d8       73%         4
 Summon Ice Beast         Ice/Summ       7%         N/A       73%         4
 Conjure Ball Lightning   Conj/Air       12%        3x3d6     94%         6
 Death Channel            Necr           3%         N/A       100%        6
 Enfeeble                 Hex            3%         N/A       100%        7
 Spellforged Servitor     Conj/Summ      12%        N/A       100%        7


Dungeon Overview and Level Annotations

Branches:
Dungeon (10/15)            Temple (0/1) D:6             Orc (0/2) D:10
 Bailey (visited)
   Lair: D:8-11

Altars:
Elyvilon
Fedhas
Hepliaklqana
Nemelex Xobeh
Okawaru
Qazlal
Ru
Sif Muna
Trog
Xom
Zin
The Shining One

Shops:
D:3 [((=(   D:4 *   D:6 [   D:9 [

Annotations:
D:9 1 runed translucent door, Peloso's ghost, novice MiFi


Innate Abilities, Weirdness & Mutations

You are immune to sickness and miasma.
Your stone body is resilient. (AC +8)
You are immune to poison.
You resist negative energy. (rN+)
You are resistant to electric shocks. (rElec)
You are resistant to unholy torment.
You are immune to petrification.


Message History

You feel a surge of power!
The stone arrow misses the vampire mosquito.
The stone arrow hits the yaktaur!
The yaktaur is moderately wounded.
The vampire mosquito bites you.
A howler monkey comes into view.
The vampire mosquito closely misses you.
Casting: Stone Arrow (safe; 1% risk of failure)
Confirm with . or Enter, or press ? or * to list all spells.
Aiming: Stone Arrow (safe; 1% risk of failure)
Press: ? - help, Shift-Dir - straight line, f/p - vampire mosquito
Aim: a vampire mosquito (63% to hit)
You feel a surge of power!
The stone arrow hits the vampire mosquito!!
You destroy the vampire mosquito!
The howler monkey howls!
The yaktaur shoots a bolt.
The bolt hits you!!
* * * LOW HITPOINT WARNING * * *
A yaktaur comes into view.
You hear a shout! x2
Casting: Stone Arrow (safe; 1% risk of failure)
Confirm with . or Enter, or press ? or * to list all spells.
Aiming: Stone Arrow (safe; 1% risk of failure)
Press: ? - help, Shift-Dir - straight line, f - yaktaur
Aim: a yaktaur, wielding a +0 arbalest and quivering bolts (moderately wounded, 95% to hit)
You feel a surge of power!
The stone arrow hits the yaktaur!
The yaktaur is severely wounded.
The yaktaur shoots a bolt.
The bolt barely misses you.
Casting: Stone Arrow (safe; 1% risk of failure)
Confirm with . or Enter, or press ? or * to list all spells.
Aiming: Stone Arrow (safe; 1% risk of failure)
Press: ? - help, Shift-Dir - straight line, f/p - yaktaur
Aim: a yaktaur, wielding a +0 arbalest and quivering bolts (severely wounded, 95% to hit)
You feel a surge of power!
The stone arrow hits the yaktaur!!
You kill the yaktaur!
Unknown command.
The yaktaur wields a +0 arbalest.
The yaktaur shoots a bolt.
The bolt hits you!
* * * LOW HITPOINT WARNING * * *
The yaktaur shoots a bolt.
The bolt hits you!
You die...

.........##.........# #.
.........#........... ..
.....................## #.
..........................
.......#...............##.
........................#.
..##.#.###...............[
...(..##................
#.......@...............)
#........................
.....)h.........#.....##
...)#......!...###.#.###
o.c../.....##..# #.#..##
..###.#.....##..##.#.... .
#.#....## ...#....#.
#.#..(.. #....#.##
......... ...##...#.


You could see a yaktaur, a howler monkey and an orc wizard.

Vanquished Creatures
  Harold (D:8)
  2 two-headed ogres
  An orc knight (Bailey)
  2 yaktaurs (D:10)
  A troll (D:9)
  Prince Ribbit (D:8)
  A wraith (D:9)
  A wyvern (D:8)
  Eustachio (D:6)
  10 yaks
  A steam dragon (D:8)
  Grum (D:9)
  Edmund (D:3)
  4 vampire mosquitoes
  4 water moccasins
  An acid dragon (D:10)
  Duvessa (D:7)
  2 hornet zombies (D:7)
  11 orc warriors
  2 sky beasts
  5 necrophages
  3 ogres (D:7)
  2 wolves (D:9)
  2 centaurs
  A phantom (D:6)
  Blork the orc (D:5)
  A kobold brigand (D:5)
  2 bullfrogs (D:8)
  A gnoll sergeant (D:9)
  2 scorpions (D:7)
  2 water moccasin zombies (D:5)
  Dowan (D:7)
  15 wights
  A howler monkey (D:5)
  5 hounds
  2 bullfrog skeletons
  A centaur zombie (D:10)
  3 gnoll shamans (D:7)
  4 orc priests
  A centaur skeleton (D:6)
  An iguana (D:6)
  A scorpion zombie (D:5)
  3 orc wizards
  2 killer bee zombies
  A mummy (D:9)
  A hound skeleton (D:5)
  A howler monkey zombie (D:9)
  11 gnolls
  5 adders
  A white imp (D:5)
  An ufetubus (D:6)
  An adder skeleton (D:4)
  A worm (D:2)
  3 dart slugs
  17 orcs
  7 endoplasms
  2 giant cockroaches
  14 goblins
  13 hobgoblins
  4 jackals (D:3)
  21 kobolds
  3 quokkas
  6 ball pythons
  4 bats
  5 frilled lizards
  5 rats
238 creatures vanquished.

Vanquished Creatures (others)
  38 plants (D:7)
38 creatures vanquished.

Grand Total: 276 creatures vanquished

Notes
Turn   | Place    | Note
-------+----------+-------------------------------------------
     0 | D:1      | Kaptain the Gargoyle Earth Elementalist began the quest for
                  | the Orb.
     0 | D:1      | Reached XP level 1. HP: 10/10 MP: 3/3
   272 | D:1      | Reached XP level 2. HP: 16/16 MP: 1/5
   828 | D:1      | Found a faded altar of an unknown god.
   948 | D:2      | Reached skill level 1 in Fighting
   948 | D:2      | Reached skill level 1 in Conjurations
   948 | D:2      | Reached skill level 4 in Earth Magic
   948 | D:2      | Reached XP level 3. HP: 20/20 MP: 3/6
   952 | D:2      | Learned a level 3 spell: Stone Arrow
  1447 | D:2      | Found a hazy altar of Hepliaklqana.
  2005 | D:3      | Found Zaalourgh's Jewellery Emporium.
  2022 | D:3      | Found Mioschila's Antique Weapon Boutique.
  2030 | D:3      | Reached XP level 4. HP: 25/25 MP: 4/7
  2120 | D:3      | Reached skill level 1 in Armour
  2230 | D:3      | Found Banuyth's Antique Weapon Boutique.
  2242 | D:3      | Found Suiv's Antique Weapon Shop.
  2469 | D:3      | Found Daezajekh's Armour Shop.
  2739 | D:3      | Reached XP level 5. HP: 30/30 MP: 4/9
  3487 | D:4      | Noticed Edmund
  3872 | D:3      | Killed Edmund
  3873 | D:3      | Reached XP level 6. HP: 19/36 MP: 0/10
  4300 | D:4      | Found Haocrooh's Mayhem Merchandise.
  4700 | D:5      | Entered Level 5 of the Dungeon
  4794 | D:5      | Reached skill level 5 in Earth Magic
  4811 | D:5      | Noticed a sky beast
  4893 | D:5      | Killed a sky beast
  4894 | D:5      | Reached XP level 7. HP: 41/41 MP: 4/12
  5667 | D:5      | Noticed Blork the orc
  5670 | D:5      | Killed Blork the orc
  5671 | D:5      | Reached XP level 8. HP: 48/48 MP: 6/14
  5758 | D:5      | Reached skill level 6 in Earth Magic
  6034 | D:6      | Found a blossoming altar of Fedhas.
  6353 | D:6      | Found Mecsywut's Antique Armour Shop.
  6500 | D:6      | Found a bloodstained altar of Trog.
  6501 | D:6      | Found a glowing golden altar of the Shining One.
  6795 | D:6      | Found a staircase to the Ecumenical Temple.
  6798 | D:6      | Noticed Eustachio
  6805 | D:6      | Killed Eustachio
  6806 | D:6      | Reached skill level 5 in Fighting
  6806 | D:6      | Reached skill level 5 in Conjurations
  7020 | D:6      | Found a hazy altar of Hepliaklqana.
  7379 | D:7      | Reached skill level 7 in Earth Magic
  7389 | D:7      | Reached skill level 5 in Spellcasting
  7389 | D:7      | Reached XP level 9. HP: 44/54 MP: 0/16
  7827 | D:7      | Noticed Dowan
  7828 | D:7      | Noticed Duvessa
  7832 | D:7      | Killed Duvessa
  7837 | D:7      | Killed Dowan
  8576 | D:7      | Reached skill level 8 in Earth Magic
  9545 | D:8      | Reached XP level 10. HP: 61/61 MP: 15/19
 10113 | D:8      | Noticed Harold
 10117 | D:8      | Killed Harold
 10118 | D:8      | Reached skill level 5 in Armour
 10118 | D:8      | Reached skill level 9 in Earth Magic
 10355 | D:8      | Found a glowing silver altar of Zin.
 10360 | D:8      | Found a shimmering blue altar of Sif Muna.
 10361 | D:8      | Found a white marble altar of Elyvilon.
 10361 | D:8      | Found a shimmering altar of Xom.
 10361 | D:8      | Found a sacrificial altar of Ru.
 10361 | D:8      | Found a sparkling altar of Nemelex Xobeh.
 10363 | D:8      | Found an iron altar of Okawaru.
 10365 | D:8      | Found a stormy altar of Qazlal.
 10404 | D:8      | Noticed a two-headed ogre
 10409 | D:8      | Killed a two-headed ogre
 10624 | D:8      | Noticed Prince Ribbit
 10631 | D:8      | Killed Prince Ribbit
 10735 | D:9      | Noticed Grum
 10738 | D:9      | Killed Grum
 10739 | D:9      | Found a flagged portal.
 10744 | D:9      | Found Axuxacs's Antique Armour Shop.
 10765 | Bailey   | Entered a bailey
 11448 | Bailey   | Noticed an orc knight
 11455 | Bailey   | Killed an orc knight
 11456 | Bailey   | Reached XP level 11. HP: 51/69 MP: 3/21
 12300 | D:9      | Reached skill level 10 in Earth Magic
 12949 | D:9      | Found a runed translucent door.
 13249 | D:9      | Noticed a centaur warrior
 13249 | D:9      | Noticed Peloso's ghost (novice MiFi)
 13360 | D:10     | Entered Level 10 of the Dungeon
 13364 | D:10     | Noticed a two-headed ogre
 13483 | D:10     | Got the Volume of Combat Magic
 13606 | D:10     | Killed a two-headed ogre
 13737 | D:10     | Found a staircase to the Orcish Mines.
 13933 | D:10     | Shot with a bolt by a yaktaur

Illustrated notes

Levels and vault maps discovered:
D:1:      amcnicky_arrival_double_pillar, layout_loops_ring,
          shapermc_ecumenical_altar_mp_highgroup
D:2:      layout_loops_corners, basic_altar, chequers_jeans
D:3:      layout_loops_ring, serial_shops, shop, nicolae_shop_crystal,
          nicolae_shop_temple_entry_statues_fountains, nicolae_shop_crystal,
          shop_statue
D:4:      layout_basic, nrook_loot_triangle, minmay_misc_feat_ornament,
          minmay_statues_item, minmay_misc_feat_chi, minmay_shop_mayhem,
          hangedman_abyss_or_decor_passed, kennysheep_generic_room_5,
          uniq_edmund
D:5:      layout_cave_pools, uniq_blork_the_orc
D:6:      layout_loops_ring, mainiacjoe_overflow_catwalk, kennysheep_mini_moat,
          mainiacjoe_overflow_divided_tiny, minmay_temple_entry_mini_moons,
          serial_shops, nicolae_shop_stone, serial_rivers,
          chequers_serial_rivers_micro_a, chequers_serial_rivers_small_b,
          chequers_serial_rivers_micro_a, chequers_serial_rivers_room_a,
          chequers_serial_rivers_micro_b, chequers_serial_rivers_small_3,
          uniq_eustachio
D:7:      kennysheep_housing_project, layout_loops_ring,
          kennysheep_generic_room_11, uniq_duvessa
D:8:      layout_loops_ring, minitemple, uniq_prince_ribbit1, uniq_harold
D:9:      layout_loops_ring, enter_bailey_5, ebering_ghost_inner_flame,
          serial_shops, shop, serial_undead, serial_undead_d, serial_undead_c,
          serial_undead_d, serial_undead_c, uniq_grum
D:10:     layout_cave_pools, orc_0_dummy, grunt_decor_junction

Skill      XL: |  1  2  3  4  5  6  7  8  9 10 11 |
---------------+----------------------------------+-----
Fighting       | 1 2 3 4 5 6 8 9 |  9.3
Conjurations   | 1 2 3 4 5 6 8 9 |  9.3
Earth Magic    | 4 5 7 8 9 10 | 10.8
Armour         | 1 2 3 4 5 6 |  6.4
Stealth        | 3 4 |  4.0
Spellcasting   | 3 4 5 6 7 8 |  8.1
Dodging        | |  1.5
Transmutations | |  0.7

Action                   |  1- 3 |  4- 6 |  7- 9 | 10-12 || total
-------------------------+-------+-------+-------+-------++-------
Melee: Short sword       |       |    31 |       |       ||    31
       Rapier            |       |     4 |       |       ||     4
       Flail             |       |    13 |    10 |       ||    23
       Staff             |       |       |     8 |     4 ||    12
 Cast: Sandblast         |    46 |    15 |    13 |    52 ||   126
       Stone Arrow       |       |    41 |   110 |   135 ||   286
  Use: Scroll            |       |       |       |    15 ||    15
       Potion            |       |       |       |     1 ||     1
 Stab: Sleeping          |       |     1 |       |       ||     1
Armor: Robe              |     5 |    17 |       |       ||    22
       Leather armour    |       |    10 |    30 |    13 ||    53
       Troll leather arm |       |       |       |    10 ||    10
Dodge: Dodged            |    13 |    39 |    54 |    38 ||   144
